 Dungeon Crawl Stone Soup version 0.31-a0-152-g6aa68a64a1 (webtiles) character file.

Game seed: 15513928640666058305

60 qw the Shooter (level 3, -9/33 HPs)
             Began as a Minotaur Hunter on June 9, 2023.
             Mangled by a gnoll
             ... wielding a +0 halberd
              (11 damage)
             ... on level 2 of the Dungeon.
             The game lasted 00:00:16 (1275 turns).

qw the Shooter (Minotaur Hunter)                    Turns: 1275, Time: 00:00:16

Health: -9/33      AC:  6    Str: 15    XL:     3   Next: 80%
Magic:  2/2        EV: 12    Int:  6    God:
Gold:   70         SH:  0    Dex: 15    Spells: 2/2 levels left

rFire   . . .        Y - +0 shortbow
rCold   . . .        (shield currently unavailable)
rNeg    . . .        c - +0 leather armour
rPois   .            (helmet restricted)
rElec   .            (no cloak)
rCorr   .            (no gloves)
SInv    .            f - +2 pair of boots
Will    .....        (no amulet)
Stlth   +            (no ring)
HPRegen 0.25/turn    (no ring)
MPRegen 0.08/turn

%: no passive effects
@: about to teleport
A: horns 2, retaliatory headbutt
a: no special abilities


You were on level 2 of the Dungeon.
You visited 1 branch of the dungeon, and saw 2 of its levels.

You collected 70 gold pieces.


Innate Abilities, Weirdness & Mutations

You have a pair of horns on your head.
You reflexively headbutt those who attack you in melee.


   Skills:
 - Level 3.7 Fighting
 + Level 5.4 Ranged Weapons
 - Level 2.1 Dodging
 - Level 0.7 Stealth


You had 2 spell levels left.
You didn't know any spells.
Your spell library was empty.

Inventory:

Hand Weapons
 Y - a +0 shortbow (weapon)
Armour
 c - a +0 leather armour (worn)
 f - a +2 pair of boots (worn)
Scrolls
 e - a scroll of noise {unknown}
Potions
 b - a potion of curing {unknown}
 d - a potion of attraction {unknown}
 i - a potion of heal wounds {unknown}

Dungeon Overview and Level Annotations

Branches:
Dungeon (2/15)

Altars:


Message History

The arrow hits the gnoll but does no damage.
You shoot an arrow. The arrow closely misses the gnoll.
The arrow hits the gnoll.
The gnoll is heavily wounded.
You shoot an arrow. The arrow closely misses the gnoll.
The arrow hits the gnoll.
The gnoll is heavily wounded.
A worm comes into view.
You shoot an arrow. The arrow closely misses the gnoll.
The arrow hits the gnoll but does no damage.
The gnoll is lightly wounded.
The gnoll misses you.
The gnoll barely misses you. x2; You furiously retaliate!
You headbutt the gnoll!
The gnoll hits you from afar with a +0 halberd.
A gnoll comes into view. It is wielding a +0 whip.
The gnoll hits you with a +0 flail.
You shoot an arrow. The arrow hits the gnoll.
The gnoll is almost dead.
The gnoll hits you with a +0 club!
The gnoll hits you from afar with a +0 halberd.
The gnoll hits you with a +0 flail.
You shoot an arrow. The arrow hits the gnoll.
You kill the gnoll!
The gnoll hits you with a +0 club.
The gnoll hits you from afar with a +0 halberd.
1273 ||| READING scroll of teleportation.
As you read the scroll of teleportation, it crumbles to dust.
You feel strangely unstable.
A worm comes into view.
The gnoll barely misses you. x2
You shoot an arrow. The arrow completely misses the gnoll.
The arrow hits the gnoll.
The gnoll is heavily wounded.
The gnoll closely misses you. The gnoll hits you but does no damage.
The gnoll closely misses you.
You shoot an arrow. The arrow hits the gnoll.
The gnoll is severely wounded.
The gnoll hits you with a +0 club. The gnoll hits you with a +0 whip.
The gnoll hits you from afar with a +0 halberd!
You die...

### ###...##..
#........#
#........# #
........# .#
#...##.# ##.#
###...##.# .w.
##.....##.#####g#.#
. #........@ggw# #.
#..##.####.#.#
#.###.###.# .#
#.....# #.# .#
###.### #.# .# #.#
#.. .# ##.## ### ##
#####...#######
..............#


You could see 2 worms and 3 gnolls.

Vanquished Creatures
  Jessica (D:2)
  A gnoll (D:2)
  An adder (D:2)
  A dart slug (D:1)
  3 ball pythons (D:2)
  An endoplasm (D:2)
  2 quokkas
  A bat (D:1)
  2 frilled lizards
  2 kobolds (D:1)
  3 rats
18 creatures vanquished.

Notes
Turn   | Place    | Note
-------+----------+-------------------------------------------
     0 | D:1      | qw the Minotaur Hunter began the quest for the Orb.
     0 | D:1      | Reached XP level 1. HP: 18/18 MP: 0/0
     0 | D:1      | 0 ||| qw: Version: 0.2-a-122-gbc61b45
     0 | D:1      | 0 ||| qw: Game counter: 3313
     0 | D:1      | 0 ||| qw: Always use a shield: true
     0 | D:1      | 0 ||| qw: God list: Okawaru
     0 | D:1      | 0 ||| qw: Allow faded altars: false
     0 | D:1      | 0 ||| qw: Do Orc after D:15 true
     0 | D:1      | 0 ||| qw: Do second Lair branch before Depths: true
     0 | D:1      | 0 ||| qw: Lair rune preference: random
     0 | D:1      | 0 ||| qw: Plans: Normal
     0 | D:1      | 0 ||| PLANNING D:1-11
   768 | D:1      | Reached XP level 2. HP: 25/25 MP: 1/1
   924 | D:1      | 924 ||| UPGRADING to +2 pair of boots.
   929 | D:1      | 929 ||| READING 2 scrolls labelled WOPPOE VIMA.
   932 | D:1      | 932 ||| READING scroll labelled WOHAJAAJEU.
   933 | D:1      | 933 ||| READING scroll labelled VAEPLIHO SABOA.
   934 | D:1      | 934 ||| READING scroll labelled WEIDIA CIUKE.
   935 | D:1      | 935 ||| DROPPING scroll of butterflies.
  1039 | D:2      | Found a faded altar of an unknown god.
  1063 | D:2      | Noticed Jessica
  1066 | D:2      | Reached skill level 5 in Ranged Weapons
  1071 | D:2      | Killed Jessica
  1072 | D:2      | Reached skill level 3 in Fighting
  1072 | D:2      | Reached XP level 3. HP: 26/33 MP: 2/2
  1272 | D:2      | HP: 6/33 [gnoll/+0 halberd (6)]
  1273 | D:2      | 1273 ||| READING scroll of teleportation.
  1275 | D:2      | HP: 2/33 [gnoll/+0 whip (4)]
  1275 | D:2      | Mangled by a gnoll

Levels and vault maps discovered:
D:1:      minmay_arrival_stone_box, layout_basic
D:2:      layout_loops_ring, chequers_ecumenical_altar_island, serial_shops,
          shop, nicolae_shop_rolled_up, uniq_jessica

Skill      XL: |  1  2 |
---------------+-------+-----
Ranged Weapons | 5 |  5.4
Fighting       | 3 |  3.7
Dodging        | |  2.1
Stealth        | |  0.7

Action                     || total
---------------------------++-------
   Fire: Shortbow          ||    49
    Use: Scroll            ||     5
 Armour: Leather armour    ||     2
  Dodge: Dodged            ||    11

Table legend:
 A = Non-vault XP
 B = Vault XP
 C = Vault XP percentage of total XP
 D = Non-vault monster count
 E = Vault monster count
 F = Vault count percentage of total count
                 A         B        C        D         E       F
            +---------+---------+-------+---------+---------+-------
      Total |      49 |      37 |  43.0 |      17 |       1 |   5.6
            +---------+---------+-------+---------+---------+-------
        D:1 |      12 |       0 |   0.0 |       8 |       0 |   0.0
        D:2 |      37 |      37 |  50.0 |       9 |       1 |  10.0
            +---------+---------+-------+---------+---------+-------
